Map: Blueshift LE

Players

Hoplite - Winner!

  • Race: Protoss Protoss
  • League: Diamond
  • Spawn Location: 1:00

Cliggity

  • Race: Protoss Protoss
  • League: Platinum
  • Spawn Location: 7:00

VOD

Have the link to the VOD?

Description

Time

  • Played on: Nov. 15, 2018, 2:46 p.m.
  • Length: 13:34
Show
View Real Time Build Order
Export as new Build Order

Hoplite Protoss - Winner!

Build Orders:  

Get SALT Encoding   

  12  0:00  Probe  
  13  0:12  Probe  
  14  0:22  Pylon  
  14  0:24  Probe  
  15  0:38  Probe  
  16  0:43  Gateway  
  16  0:48  Assimilator  
  16  0:49  Probe  
  16  0:53  Assimilator  
  17  1:00  Probe  
  18  1:06  Gateway  
  18  1:08  Probe  
  18  1:16  Probe  
  20  1:26  Probe  
  21  1:37  Cybernetics Core  
  21  1:42  Probe  
  21  1:46  Pylon  
  22  1:52  Pylon  
  22  1:54  Probe  
  23  2:06  Probe  
  24  2:13  Stalker  
  24  2:14  Adept  
  28  2:17  Warp Gate  
  28  2:18  Probe  
  28  2:21  Pylon  
  29  2:30  Probe  
  30  2:42  Probe  
  30  2:43  Pylon  
  31  2:54  Probe  
  31  2:58  Pylon  
  32  3:06  Probe  
  32  3:09  Pylon  
  33  3:18  Probe  
  34  3:25  Stalker  
  38  3:29  Stalker  
  38  3:30  Probe  
  38  3:43  Probe  
  39  3:58  Nexus  
  39  4:05  Sentry x2  
  39  4:09  Probe  
  43  4:10  Shield Battery  
  44  4:28  Pylon  
  44  4:30  Robotics Facility  
  44  4:46  Probe  
  44  4:48  Twilight Council  
  44  4:49  Forge  
  45  4:55  Stalker  
  47  5:07  Probe  
  47  5:08  Probe, Pylon  
  49  5:15  Probe  
  49  5:16  Stalker  
  49  5:17  Probe  
  49  5:18  Stalker  
  55  5:24  Probe, Warp Prism  
  55  5:27  Probe  
  58  5:33  Templar Archives  
  59  5:36  Probe  
  59  5:38  Charge, Protoss Ground Weapons Level 1  
  60  5:45  Probe  
  60  5:48  Probe  
  58  5:50  Stalker x2  
  62  6:01  Probe  
  62  6:02  Probe  
  63  6:10  Probe  
  60  6:11  Probe, Pylon  
  60  6:18  Probe  
  60  6:19  Probe, Assimilator  
  60  6:23  Assimilator  
  62  6:25  Pylon  
  62  6:27  Pylon  
  62  6:28  Probe  
  62  6:29  Probe  
  64  6:41  Zealot  
  64  6:42  Zealot  
  68  6:50  Probe x2  
  70  6:55  Gateway  
  70  6:58  Gateway  
  70  7:02  Gateway  
  70  7:05  Gateway x2  
  70  7:09  Pylon  
  70  7:16  Probe x2  
  70  7:50  Zealot x3  
  74  7:54  Protoss Ground Weapons Level 2  
  74  7:55  Zealot  
  74  7:57  Zealot  
  76  8:07  Blink  
  76  8:12  Probe x2  
  74  8:19  Zealot x4, High Templar x2  
  82  8:20  High Templar  
  82  8:24  Probe  
  83  8:27  Nexus  
  83  8:28  Observer  
  83  8:29  Pylon  
  84  8:35  Pylon  
  84  8:37  Pylon x2  
  84  8:39  Archon, Pylon  
  84  8:41  High Templar x2  
  86  8:42  Zealot, High Templar  
  86  8:44  Archon  
  86  8:45  Archon  
  92  9:02  Probe x2  
  94  9:09  High Templar x2  
  98  9:10  Zealot x2  
  98  9:13  Archon  
  98  9:14  Probe x2  
  104  9:24  Gateway  
  104  9:25  Pylon  
  104  9:27  Gateway  
  104  9:30  High Templar  
  104  9:31  Zealot, High Templar  
  108  9:32  Zealot x2  
  114  9:43  Probe x2  
  116  9:47  Zealot x2  
  120  9:58  Archon  
  120  10:01  Pylon  
  120  10:04  Pylon  
  120  10:05  Pylon  
  120  10:06  High Templar x2  
  120  10:07  Pylon x2  
  124  10:11  Photon Cannon  
  124  10:13  Photon Cannon  
  124  10:21  High Templar, Photon Cannon  
  124  10:22  Zealot x2  
  124  10:25  Archon  
  124  10:26  High Templar  
  124  10:28  Zealot, Protoss Ground Weapons Level 3  
  134  10:29  Zealot  
  134  10:31  Archon  
  136  10:45  Zealot x3  
  136  10:46  Zealot  
  144  10:53  Pylon  
  144  10:56  Pylon  
  144  10:57  Pylon  
  144  11:01  Pylon x2  
  144  11:05  Pylon  
  144  11:06  Zealot  
  144  11:07  Zealot  
  148  11:15  Zealot x3  
  146  11:18  Zealot  
  146  11:20  Zealot  
  150  11:33  High Templar x3  
  150  11:37  Zealot x4  
  150  11:38  Archon  
  164  11:40  High Templar  
  164  11:44  Archon  
  164  11:46  Warp Prism  
  168  11:56  Stalker  
  170  12:05  Photon Cannon  
  170  12:08  Shield Battery  
  170  12:11  Photon Cannon  
  170  12:13  Shield Battery  
  170  12:16  Zealot x7  
  184  12:33  Zealot x2  
  154  12:53  Zealot x9  
  138  13:19  Zealot x4  
  139  13:29  Zealot x5  
Show
View Real Time Build Order
Export as new Build Order

Cliggity Protoss 

Build Orders: Zealot Archon 

Get SALT Encoding   

  12  0:00  Probe  
  13  0:15  Pylon  
  13  0:17  Probe  
  14  0:28  Probe  
  14  0:34  Gateway  
  15  0:36  Probe  
  16  0:44  Probe  
  17  0:51  Assimilator  
  17  0:56  Probe  
  17  0:57  Assimilator  
  18  1:11  Probe, Gateway  
  19  1:19  Probe  
  20  1:27  Probe  
  20  1:29  Cybernetics Core  
  21  1:37  Probe  
  21  1:38  Pylon  
  22  1:50  Probe  
  23  2:09  Adept x2  
  23  2:10  Warp Gate  
  27  2:37  Pylon  
  26  2:52  Probe  
  26  2:54  Robotics Facility  
  26  2:57  Stalker  
  29  3:10  Sentry  
  31  3:37  Twilight Council  
  31  3:44  Gateway  
  31  3:47  Gateway  
  31  3:52  Pylon  
  31  4:03  Charge  
  31  4:10  Probe, Warp Prism  
  34  4:24  Nexus  
  34  4:26  Pylon  
  34  4:29  Gateway  
  34  4:31  Pylon  
  34  4:36  Pylon  
  34  4:42  Probe  
  35  4:51  Zealot x4  
  43  5:06  Probe  
  44  5:17  Forge  
  44  5:22  Probe  
  45  5:29  Shield Battery  
  45  5:33  Adept x2  
  45  5:34  Adept  
  51  5:56  Protoss Ground Weapons Level 1  
  45  6:05  Stalker x3  
  47  6:16  Zealot x2  
  47  6:17  Probe x2  
  45  6:25  Probe x2  
  47  6:32  Warp Prism  
  51  6:47  Templar Archives  
  51  6:50  Pylon  
  51  6:53  Sentry x3  
  57  6:54  Probe  
  57  6:55  Probe  
  59  7:01  Pylon  
  59  7:08  Stalker  
  61  7:21  Probe x2  
  63  7:26  High Templar x2  
  63  7:29  Archon  
  67  7:36  Protoss Ground Armor Level 1  
  67  7:46  Probe  
  67  7:50  Probe  
  69  7:54  Probe  
  69  7:58  Immortal  
  74  8:01  Zealot x5, Blink  
  74  8:02  Probe  
  85  8:23  Zealot x4  
  93  8:27  Probe  
  94  8:37  Assimilator  
  94  8:42  Assimilator  
  94  9:06  Probe x2  
  88  9:18  Probe x2  
  88  9:20  Pylon  
  88  9:22  Protoss Ground Weapons Level 2  
  88  9:23  Pylon  
  90  9:25  Pylon  
  90  9:40  Pylon  
  90  9:41  Pylon  
  90  9:44  Pylon  
  90  9:45  Immortal  
  94  9:48  Pylon  
  94  9:53  High Templar x2  
  94  9:57  Archon  
  98  10:02  Nexus  
  98  10:03  Pylon  
  98  10:06  Pylon  
  98  10:13  Probe  
  98  10:14  Probe  
  100  10:23  Shield Battery  
  100  10:24  Observer, Shield Battery  
  100  10:25  Photon Cannon  
  100  10:26  Probe  
  100  10:27  Probe, Photon Cannon  
  103  10:31  Assimilator  
  103  10:34  Probe  
  103  10:35  Probe, Assimilator  
  105  10:43  Probe x2  
  107  10:51  Forge  
  107  10:52  Pylon  
  107  10:57  Zealot x5  
  117  11:17  High Templar x5  
  125  11:21  Archon  
  125  11:22  Archon  
  117  11:29  Immortal  
  121  11:43  Gateway  
  121  11:45  Gateway  
  121  11:47  Gateway x2  
  121  11:48  Gateway  
  121  11:49  Probe x2, Gateway  
  121  11:50  Probe  
  124  12:03  Probe x2  
  124  12:04  Probe  
  127  12:15  Probe  
  128  12:33  High Templar x5  
  128  12:37  Archon x2  
  138  12:38  Archon  
  110  12:56  Zealot x6  
  93  13:05  Zealot x3  
  65  13:06  Zealot x2  
  68  13:19  High Templar x3  
  68  13:20  High Templar  
  68  13:23  Archon  
  68  13:25  Archon  
Tags
 
Composition
Zealot Archon
Matchup
PvP
Spawn Locations
Cross Positions
Add a new tag
Caveats
  • Supply blocks, unpowered buildings, or Contaminate may cause inaccurate times.
  • Supply counts are checked every 10 seconds.